[ AOE2 MATCH · #508031559 ]
UnrankedIncas vs Vikings
Player's team · LOSS
Rival team · WIN
[ REPLAY ANALYSIS · EXTRACTED FROM THE RECORDED GAME ]
Feudal
8:51
Castle
—
Imperial
—
| APM avg | 46.7 |
| APM peak | 72 |
| eAPM avg | 17.7 |
| Villagers / military | 29 / 0 |
Focus
⚔️ 32.5% · 🌾 67.5%
Unknown (2550) ×5
Feudal
11:34
Castle
—
Imperial
—
| APM avg | 64.7 |
| APM peak | 92 |
| eAPM avg | 21.7 |
| Villagers / military | 35 / 9 |
Focus
⚔️ 34.9% · 🌾 65.1%
Militia ×8 · Archer ×1
Match map
Initial resources + every placement click. Lines = walls · curves = elevation contours. ◆ gold · ⬟ stone · ● berries · ✦ relic · ◌ wall gap
Your base· Open — unwalled flank
AnimeEyes's base· Open — unwalled flank
Smoothed initial terrain · ◌ = detected wall gap · hover for details
Inputs per minute
— Hemingway - - AnimeEyes
Build order — Hemingway
69 actions detected in the replay
| 0:01 | Queue | Villager (Male) |
| 0:01 | Queue | Villager (Male) |
| 0:01 | Queue | Villager (Male) |
| 0:03 | Build | House |
| 0:41 | Queue | Villager (Male) |
| 1:10 | Queue | Villager (Male) |
| 1:30 | Queue | Villager (Male) |
| 2:04 | Queue | Villager (Male) |
| 2:04 | Queue | Villager (Male) |
| 2:31 | Queue | Villager (Male) |
| 2:35 | Build | Settlement |
| 2:48 | Queue | Villager (Male) |
| 3:20 | Queue | Villager (Male) |
| 3:20 | Queue | Villager (Male) |
| 4:04 | Queue | Villager (Male) |
| 4:04 | Queue | Villager (Male) |
| 4:24 | Queue | Villager (Male) |
| 4:24 | Queue | Villager (Male) |
| 4:49 | Queue | Villager (Male) |
| 6:02 | Build | Barracks |
| 6:05 | Research | Loom |
| 6:37 | Research | Feudal Age |
| 6:39 | Queue | Unit 2550 |
| 6:59 | Queue | Unit 2550 |
| 7:48 | Build | House |
| 7:50 | Build | House |
| 8:14 | Queue | Unit 2550 |
| 8:22 | Build | Settlement |
| 8:29 | Build | Palisade Wall |
| 8:31 | Build | Palisade Wall |
| 8:39 | Build | Palisade Wall |
| 8:40 | Build | Palisade Wall |
| 8:48 | Build | Palisade Wall |
| 8:50 | Build | Palisade Wall |
| 8:51 | Age | Feudal Age |
| 8:51 | Build | Palisade Wall |
| 9:12 | Build | Palisade Wall |
| 9:16 | Queue | Villager (Male) |
| 9:16 | Queue | Villager (Male) |
| 9:17 | Research | Double-Bit Axe |
| 9:52 | Research | Tech 1402 |
| 10:06 | Build | Palisade Wall |
| 10:07 | Build | Palisade Wall |
| 10:13 | Build | Palisade Wall |
| 10:14 | Build | Palisade Wall |
| 10:14 | Build | Palisade Wall |
| 10:28 | Queue | Villager (Male) |
| 10:32 | Build | Farm |
| 10:32 | Build | Farm |
| 10:40 | Build | Farm |
| 10:44 | Build | Farm |
| 10:56 | Queue | Villager (Male) |
| 11:07 | Build | Farm |
| 11:21 | Queue | Villager (Male) |
| 11:49 | Queue | Villager (Male) |
| 12:00 | Queue | Villager (Male) |
| 12:03 | Build | House |
| 12:20 | Queue | Villager (Male) |
| 12:21 | Queue | Unit 2550 |
| 12:33 | Build | Farm |
| 12:33 | Build | Farm |
| 12:34 | Build | Farm |
| 12:52 | Queue | Villager (Male) |
| 12:53 | Queue | Unit 2550 |
| 13:04 | Research | Arson |
| 13:20 | Queue | Villager (Male) |
| 13:28 | Build | Archery Range |
| 13:30 | Queue | Villager (Male) |
| 14:12 | Queue | Villager (Male) |
Build order — AnimeEyes
76 actions detected in the replay
| 0:00 | Queue | Villager (Male) |
| 0:01 | Queue | Villager (Male) |
| 0:01 | Queue | Villager (Male) |
| 0:02 | Build | House |
| 0:03 | Build | House |
| 0:08 | Queue | Villager (Male) |
| 1:26 | Queue | Villager (Male) |
| 1:51 | Build | Lumber Camp |
| 1:51 | Queue | Villager (Male) |
| 2:19 | Queue | Villager (Male) |
| 2:49 | Queue | Villager (Male) |
| 3:17 | Queue | Villager (Male) |
| 3:19 | Queue | Villager (Male) |
| 3:24 | Build | House |
| 3:29 | Build | House |
| 3:40 | Queue | Villager (Male) |
| 4:25 | Queue | Villager (Male) |
| 4:34 | Build | Barracks |
| 4:49 | Queue | Villager (Male) |
| 4:53 | Queue | Villager (Male) |
| 5:01 | Build | House |
| 5:27 | Queue | Militia |
| 5:41 | Queue | Villager (Male) |
| 5:47 | Queue | Militia |
| 5:57 | Build | Palisade Wall |
| 5:58 | Build | House |
| 6:04 | Queue | Villager (Male) |
| 6:09 | Queue | Militia |
| 6:17 | Queue | Villager (Male) |
| 6:39 | Build | Mill |
| 6:47 | Queue | Villager (Male) |
| 7:00 | Queue | Villager (Male) |
| 7:17 | Queue | Villager (Male) |
| 7:35 | Queue | Villager (Male) |
| 7:39 | Queue | Villager (Male) |
| 7:57 | Queue | Militia |
| 8:00 | Build | Mining Camp |
| 8:06 | Queue | Villager (Male) |
| 8:32 | Queue | Villager (Male) |
| 8:59 | Queue | Villager (Male) |
| 9:13 | Research | Feudal Age |
| 9:31 | Queue | Militia |
| 9:38 | Build | House |
| 9:40 | Build | House |
| 9:42 | Build | Palisade Wall |
| 9:47 | Build | House |
| 9:55 | Queue | Villager (Male) |
| 10:00 | Research | Loom |
| 10:10 | Build | House |
| 10:32 | Queue | Militia |
| 10:50 | Build | Palisade Wall |
| 11:34 | Age | Feudal Age |
| 11:36 | Build | House |
| 11:38 | Build | Palisade Wall |
| 11:41 | Research | Man-at-Arms (upgrade) |
| 11:46 | Build | House |
| 11:56 | Build | Palisade Wall |
| 11:59 | Build | Palisade Wall |
| 12:06 | Queue | Villager (Male) |
| 12:17 | Queue | Villager (Male) |
| 12:23 | Queue | Militia |
| 12:38 | Build | Archery Range |
| 12:42 | Queue | Villager (Male) |
| 12:56 | Build | Palisade Wall |
| 12:58 | Queue | Villager (Male) |
| 12:59 | Queue | Militia |
| 13:13 | Queue | Villager (Male) |
| 13:28 | Build | House |
| 13:29 | Queue | Villager (Male) |
| 13:41 | Queue | Villager (Male) |
| 13:44 | Queue | Archer |
| 13:46 | Build | Farm |
| 13:55 | Build | Lumber Camp |
| 13:58 | Queue | Villager (Male) |
| 14:15 | Queue | Villager (Male) |
| 14:18 | Build | Farm |
Match timeline
| 4:34 | AnimeEyes · first_building Barracks |
| 5:57 | AnimeEyes · wall_segment Palisade Wall x1 |
| 6:02 | Hemingway · first_building Barracks |
| 8:29 | Hemingway · wall_segment Palisade Wall x1 |
| 8:31 | Hemingway · wall_segment Palisade Wall x4 |
| 8:39 | Hemingway · wall_segment Palisade Wall x1 |
| 8:40 | Hemingway · wall_segment Palisade Wall x1 |
| 8:48 | Hemingway · wall_segment Palisade Wall x1 |
| 8:50 | Hemingway · wall_segment Palisade Wall x1 |
| 8:51 | Hemingway · age_up feudal |
| 8:51 | Hemingway · wall_segment Palisade Wall x1 |
| 9:12 | Hemingway · wall_segment Palisade Wall x1 |
| 9:42 | AnimeEyes · wall_segment Palisade Wall x1 |
| 10:06 | Hemingway · wall_segment Palisade Wall x1 |
| 10:07 | Hemingway · wall_segment Palisade Wall x4 |
| 10:13 | Hemingway · wall_segment Palisade Wall x1 |
| 10:14 | Hemingway · wall_segment Palisade Wall x1 |
| 10:14 | Hemingway · wall_segment Palisade Wall x1 |
| 10:50 | AnimeEyes · wall_segment Palisade Wall x3 |
| 11:34 | AnimeEyes · age_up feudal |
| 11:38 | AnimeEyes · wall_segment Palisade Wall x1 |
| 11:56 | AnimeEyes · wall_segment Palisade Wall x1 |
| 11:59 | AnimeEyes · wall_segment Palisade Wall x1 |
| 12:38 | AnimeEyes · first_building Archery Range |
| 12:56 | AnimeEyes · wall_segment Palisade Wall x1 |
| 13:28 | Hemingway · first_building Archery Range |
| 14:19 | Hemingway · resign |
[ AI ANALYSIS · 1 CREDIT ]
What really happened in this match?
Wolo.gg analyzes every decision: build order, eco, micro, common mistakes by bracket. Personalized analysis on WhatsApp or Discord in 30 seconds.
Civ guide
Incas
Perfil
Hemingway